cohdb
Replays
Latest Replays
All Replays
Popular Replays
Top Player Replays
Match Explorer
How It Works
Community
CoH3 Stats
Reddit
Sign in to upload your games and track your stats! →
Sign in with Steam
Match 41842330
Unlisted
Match 41842330
Overview
Messages
Build Orders
End
Royal Engineer Section
Construct Section Command Post
Dingo Light Scout Car
Selects Australian Defense Battlegroup
Selects Australian Light Infantry Section
Australian Light Infantry Section
Construct Platoon Command Post
Humber Armored Car
Australian Light Infantry Section
Humber Armored Car
Construct Field Infirmary
Construct Company Command Post
Selects 2-pounder Anti-tank Gun Team
Selects Vehicle Over Repair
Crusader II Medium Tank
Foot Guards Section
Crusader II Medium Tank
Crusader II Medium Tank
Selects CMP 15cwt Supply Run
Selects Artillery Trip Wire Flares
Foot Guards Section
Infantry Training
Insomniac
бескрайняя плоть
Dimitrixon
Bonapart Bonevtiqe
0
0
Comments
sign in to comment!
No comments posted yet!